 Dungeon Crawl Stone Soup version 0.31-a0-986-g5e6e4ef867 (webtiles) character file.

Game seed: 13063232566058639725

627 Xavori the Trooper (level 7, -6/87 HPs)
             Began as a Djinni Chaos Knight on Nov 8, 2023.
             Was a Plaything of Xom.
             Mangled by a water moccasin (12 damage)
             ... on level 5 of the Dungeon.
             The game lasted 00:05:12 (4620 turns).

Xavori the Trooper (Djinni Chaos Knight)            Turns: 4620, Time: 00:05:12

Health: -6/87      AC: 23    Str: 15 (18) XL:     7   Next: 77%
Gold:   303        EV:  2    Int: 13 (16) God:    Xom [*.....] SH:  0 Dex: 10 (11)

rFire   + . .        a - +1 falchion (chaos)
rCold   + . .        (no shield)
rNeg    . . .        b - melded +2 leather armour
rPois   ∞            m - melded +1 helmet
rElec   +            (cloak currently unavailable)
rCorr   +            (gloves currently unavailable)
SInv    .            (boots unavailable)
Will    .....        (no amulet)
Stlth   +            u - ring of resist corrosion
HPRegen 0.34/turn    (no ring)
MPRegen 0.00/turn

%: infuse magic (-7 HP)
@: brilliant, tree-form, resistant
A: stationary, stasis, torment immunity, boosted hp, sickness immunity, (fire
resistance 2), (cold vulnerability 1), float, innate caster, HP casting, extra
vitality 1, (iridescent scales 1), clever 1, robust 1, strong 2
a: Renounce Religion


You were on level 5 of the Dungeon.
You worshipped Xom.
You were a special plaything of Xom.
You were a tree.
You visited 1 branch of the dungeon, and saw 5 of its levels.

You collected 303 gold pieces.

Inventory:

Hand Weapons
 a - a +1 falchion of chaos (weapon)
Armour
 b - a +2 leather armour (melded)
 m - a +1 helmet (melded)
Jewellery
 u - a ring of resist corrosion (left branch)
Scrolls
 c - a scroll of butterflies
 f - a scroll of brand weapon {unknown}
 i - a scroll of enchant weapon
 j - a scroll of fog {unknown}
 n - a scroll of identify {unknown}
 o - a scroll of immolation {unknown}
 p - a scroll of noise {unknown}
 q - a scroll of blinking
 r - a scroll of enchant armour {unknown}
 s - a scroll of teleportation {unknown}
Potions
 d - a potion of lignification
 l - a potion of might
 t - a potion of heal wounds {unknown}


   Skills:
 + Level 4.4 Fighting
 + Level 4.0 Long Blades
 + Level 3.3 Armour
 + Level 4.2 Dodging
 * Level 2.7 Spellcasting
 * Level 2.7 Conjurations
 * Level 2.7 Hexes
   Level 0.0 Charms
 * Level 2.7 Summonings
 * Level 2.7 Necromancy
 * Level 2.7 Translocations
 * Level 2.7 Transmutations
 * Level 2.7 Fire Magic
 * Level 2.7 Ice Magic
 * Level 2.7 Air Magic
 * Level 2.7 Earth Magic
 * Level 2.7 Poison Magic


You knew the following spells:

 Your Spells              Type           Power      Damage    Failure   Level
a - Foxfire               Conj/Fire      52%        2x1d6     8%          1
b - Searing Ray           Conj           26%        2d5       12%         2
c - Tukima's Dance        Hex            13%        N/A       22%         3
Your spell library was empty.

Dungeon Overview and Level Annotations

Branches:
Dungeon (5/15)
 Temple: D:4-7

Altars:
Uskayaw
Xom
Yredelemnul
The Shining One

Shops:
D:1 [


Innate Abilities, Weirdness & Mutations

You are a tree.
Your roots penetrate the ground, keeping you stationary.
You cannot be teleported.
You are immune to unholy pain and torment.
Your maximum health is greatly increased.
Your equipment is partially melded.
You are immune to sickness and miasma.
You are immune to poison.
((Your flesh is very heat resistant. (rF++)))
((You are vulnerable to cold. (rC-)))
You float through the air rather than walking.
You learn spells naturally, not from books.
Your magical power is your life essence.
You have superior vitality. (+4 MHP)
((You are partially covered in iridescent scales. (AC +2)))
Your mind is acute. (Int +4, Str/Dex -1)
You are robust. (+10% HP)
Your muscles are very strong. (Str +8, Int/Dex -2)


Message History

There was something very wrong with that liquid.
You feel weakened.
You feel dopey.
You feel clumsy.
Xom thinks this is hilarious!
The water moccasin bites you but does no damage.
The water moccasin completely misses you.
It was a potion of lignification.
You turn into a tree.
Your +1 helmet melds into your body.
Your +2 leather armour melds into your body.
Your roots penetrate the ground.
The water moccasin bites you but does no damage.
The water moccasin bites you!
* * * LOW HITPOINT WARNING * * *
Unknown command.
It was a potion of magic.
Magic washes over you without effect.
The water moccasin bites you but does no damage. x2
It was a potion of resistance.
You feel protected.
Xom thinks this is hilarious!
The water moccasin bites you but does no damage. x2
It was a potion of curing.
You feel better.
The water moccasin completely misses you.
The water moccasin bites you but does no damage.
You barely miss the water moccasin.
The water moccasin is severely wounded.
You hear the slow rusting of a drain very nearby.
The water moccasin bites you but does no damage. x3
You miss the water moccasin.
The water moccasin is severely wounded.
The water moccasin bites you but does no damage. x2
You miss the water moccasin.
The water moccasin is severely wounded.
The water moccasin bites you!
* * * LOW HITPOINT WARNING * * *
The water moccasin bites you but does no damage.
It was a potion of brilliance.
You feel clever all of a sudden.
The water moccasin bites you but does no damage.
The water moccasin bites you!
You die...
Xom titters!

###.####.# ###.....##
......<.# .....)))##
### #..)..)..####.### #
#.#....)........## .##
##...............# ...#
.#.........#...○##....#
.#..(..........S♣.....#
...............§§.#...#
..................# ..#
.........##......... #
...................#
.......##<.....##.##
#...... ## .##.<.


You could see a water moccasin (fast, strong, agile).

Vanquished Creatures
  Edmund (D:4)
  Pargi (D:4)
  A black bear (D:4)
  A crimson imp (D:4)
  A hound (D:4)
  2 orc wizards
  7 gnolls
  4 adders
  2 worms
  9 dart slugs
  9 orcs
  8 endoplasms
  A giant cockroach (D:1)
  5 goblins
  8 hobgoblins
  2 quokkas
  6 ball pythons
  2 bats (D:1)
  2 frilled lizards (D:1)
  2 hobgoblin zombies (D:4)
  4 kobolds
  3 orc skeletons (D:4)
  4 orc zombies (D:4)
  4 rats
89 creatures vanquished.

Vanquished Creatures (collateral kills)
  An endoplasm (D:4)
1 creature vanquished.

Vanquished Creatures (others)
  A kobold skeleton (D:4)
  2 foxfires (D:5)
3 creatures vanquished.

Grand Total: 93 creatures vanquished

Notes
Turn   | Place    | Note
-------+----------+-------------------------------------------
     0 | D:1      | Xavori the Djinni Chaos Knight began the quest for the Orb.
     0 | D:1      | Reached XP level 1. HP: 20/20 MP: 0/0
   201 | D:1      | Reached XP level 2. HP: 25/25 MP: 0/0
   441 | D:1      | XOM is BORED!
   460 | D:1      | Found a faded altar of an unknown god.
   542 | D:1      | Found Wijasm's Armour Boutique.
   579 | D:1      | Reached XP level 3. HP: 24/30 MP: 0/0
   579 | D:1      | Learned a level 1 spell: Foxfire
  1169 | D:1      | XOM: noise
  1246 | D:1      | XOM: give mutation
  1246 | D:1      | Gained mutation: You are partially covered in iridescent
                  | scales. (AC +2) [Xom's mischief]
  1811 | D:2      | XOM: divination: magic mapping
  1813 | D:2      | Reached skill level 1 in Spellcasting
  1813 | D:2      | Reached skill level 1 in Conjurations
  1813 | D:2      | Reached skill level 1 in Hexes
  1813 | D:2      | Reached skill level 1 in Summonings
  1813 | D:2      | Reached skill level 1 in Necromancy
  1813 | D:2      | Reached skill level 1 in Translocations
  1813 | D:2      | Reached skill level 1 in Transmutations
  1813 | D:2      | Reached skill level 1 in Fire Magic
  1813 | D:2      | Reached skill level 1 in Ice Magic
  1813 | D:2      | Reached skill level 1 in Air Magic
  1813 | D:2      | Reached skill level 1 in Earth Magic
  1813 | D:2      | Reached skill level 1 in Poison Magic
  1827 | D:2      | Reached XP level 4. HP: 28/35 MP: 0/0
  1872 | D:2      | XOM: silly message
  2047 | D:1      | XOM: divination: magic mapping
  2188 | D:2      | XOM: silly message
  2366 | D:2      | XOM: divination: detect items
  2637 | D:3      | XOM: potion effect (might)
  2688 | D:3      | Reached XP level 5. HP: 40/40 MP: 0/0
  2688 | D:3      | Learned a level 2 spell: Searing Ray
  2885 | D:3      | You are sucked into a shaft and drop 1 floor!
  2961 | D:4      | Noticed Edmund
  2963 | D:4      | XOM: butterfly on damage
  2971 | D:4      | XOM: confuse monster(s)
  3024 | D:4      | XOM: potion effect (curing)
  3034 | D:4      | Killed Edmund
  3035 | D:4      | Reached XP level 6. HP: 5/47 MP: 0/0
  3668 | D:3      | Found a basalt altar of Yredelemnul.
  3750 | D:4      | Noticed a black bear
  3763 | D:4      | Killed a black bear
  3764 | D:4      | Reached XP level 7. HP: 34/52 MP: 0/0
  3764 | D:4      | Learned a level 3 spell: Tukima's Dance
  3834 | D:4      | XOM: summons friendly shadow imp
  3859 | D:4      | XOM: scenery: create altars
  3893 | D:4      | Found a glowing golden altar of the Shining One.
  4264 | D:4      | XOM: give mutations
  4264 | D:4      | Gained mutation: Your muscles are strong. (Str +4, Int/Dex
                  | -1) [Xom's grace]
  4264 | D:4      | Gained mutation: Your mind is acute. (Int +4, Str/Dex -1)
                  | [Xom's grace]
  4267 | D:4      | Noticed Pargi
  4278 | D:4      | XOM: cleaving
  4280 | D:4      | XOM: blink monster(s)
  4287 | D:4      | Killed Pargi
  4307 | D:4      | XOM: give mutations
  4307 | D:4      | Gained mutation: You are robust. (+10% HP) [Xom's mischief]
  4307 | D:4      | Gained mutation: Your muscles are very strong. (Str +8,
                  | Int/Dex -2) [Xom's mischief]
  4457 | D:4      | Found a hide-covered altar of Uskayaw.
  4519 | D:5      | Entered Level 5 of the Dungeon
  4595 | D:5      | Noticed a water moccasin
  4597 | D:5      | XOM: blink monster(s)
  4608 | D:5      | XOM: smoke on damage
  4613 | D:5      | HP: 2/87 [water moccasin (10)]
  4620 | D:5      | Mangled by a water moccasin

Illustrated notes

Levels and vault maps discovered:
D:1:      lemuel_arrival_funnel, layout_basic,
          hellmonk_ecumenical_altar_run_dry, serial_shops,
          nicolae_shop_back_alley_shop
D:2:      layout_rooms
D:3:      layout_basic, lemuel_tele_altar
D:4:      layout_loops_cross, nicolae_tso_besieged_by_evil,
          nicolae_overflow_hidden_temple, uniq_pargi, uniq_edmund
D:5:      layout_cave_pools, nicolae_ashenzari_skybound,
          gammafunk_temple_overflow_pools, gammafunk_ghost_smash,
          gup_sewer_entry_bubbles, grunt_decor_fettered, uniq_ijyb

Skill      XL: |  1  2  3  4  5  6  7 |
---------------+----------------------+-----
Long Blades    | 3 4 |  4.0
Spellcasting   | 1 2 |  2.7
Conjurations   | 1 2 |  2.7
Hexes          | 1 2 |  2.7
Summonings     | 1 2 |  2.7
Necromancy     | 1 2 |  2.7
Translocations | 1 2 |  2.7
Transmutations | 1 2 |  2.7
Fire Magic     | 1 2 |  2.7
Ice Magic      | 1 2 |  2.7
Air Magic      | 1 2 |  2.7
Earth Magic    | 1 2 |  2.7
Poison Magic   | 1 2 |  2.7
Armour         | 2 3 |  3.3
Dodging        | 3 4 |  4.2
Fighting       | 4 |  4.4

Action                     |  1- 3 |  4- 6 |  7- 9 || total
---------------------------+-------+-------+-------++-------
  Melee: Falchion          |    74 |   146 |    75 ||   295
         Punch             |     1 |     3 |       ||     4
   Cast: Searing Ray       |       |     3 |     2 ||     5
         Foxfire           |       |     1 |     1 ||     2
    Use: Potion            |       |     2 |     7 ||     9
         Scroll            |       |       |     3 ||     3
   Stab: Sleeping          |       |     1 |       ||     1
 Armour: Leather armour    |    50 |    89 |    74 ||   213
         Skin              |       |       |    16 ||    16
  Dodge: Dodged            |    40 |    96 |    65 ||   201

Table legend: (Time is in decaauts)
 A = Elapsed time spent in this place.
 B = Non-inter-level travel time spent in this place.
 C = Inter-level travel time spent in this place.
 D = Time resting spent in this place.
 E = Time spent auto-exploring this place.
 F = Levels seen in this place.
 G = Mean time per level.
                   A        B        C        D        E       F      G
               +--------+--------+--------+--------+--------+-----+--------+
         Total |   4647 |   4557 |     90 |   1457 |   2273 |   5 |  929.4 |
       Dungeon |   4647 |   4557 |     90 |   1457 |   2273 |   5 |  929.4 |
               +--------+--------+--------+--------+--------+-----+--------+

Top non-repeatable levels by time:
     D:1: 1861 daAuts
     D:4: 1177 daAuts
     D:3: 931 daAuts
     D:2: 573 daAuts
     D:5: 103 daAuts
